 Dungeon Crawl Stone Soup version 0.19-a0-1790-g026f1ef (webtiles) character file.

1722 Kwzr the Ogre Mage (level 9, 0/84 HPs)
             Began as an Ogre Summoner on Oct 4, 2016.
             Was an Elder of Qazlal.
             Slain by a killer bee (3 damage)
             ... on level 7 of the Dungeon.
             The game lasted 00:55:01 (7435 turns).

Kwzr the Ogre Mage (Ogre Summoner)                  Turns: 7435, Time: 00:55:02

Health: 0/84       AC:  8    Str: 15    XL:     9   Next: 4%
Magic:  13/18      EV: 11    Int: 17    God:    Qazlal [****..]
Gold:   322        SH:  5    Dex: 10    Spells: 4 memorised, 9 levels left

rFire  . . .     SeeInvis .     w - +1 flail (protect)
rCold  + . .     Gourm    .     m - +0 robe
rNeg   . . .     Faith    .     (no shield)
rPois  .         Spirit   .     (helmet restricted)
rElec  .         Dismiss  .     r - +1 cloak
rCorr  .         Reflect  .     (gloves unavailable)
MR     .....     Harm     .     (boots unavailable)
Stlth  +.........               (no amulet)
                                (no ring)
                                i - +2 ring of protection

@: lethally poisoned (0 -> -2), repel missiles
A: unfitting armour, cold resistance 1, shaggy fur 1, tough skin 1
a: Upheaval, Elemental Force, Renounce Religion


You were on level 7 of the Dungeon.
You worshipped Qazlal.
Qazlal was greatly pleased with you.
You were very hungry.

You visited 2 branches of the dungeon, and saw 8 of its levels.
You also visited: Sewer.

You collected 322 gold pieces.

Inventory:

Hand Weapons
 a - a +1 flail of holy wrath
 b - a +1 blowgun
 w - a +1 flail of protection (weapon)
Missiles
 l - 48 poisoned needles
 p - 6 curare-tipped needles
 v - 8 needles of confusion
Armour
 m - a +0 robe (worn)
 r - a +1 cloak (worn)
Jewellery
 i - a +2 ring of protection (left hand)
 D - an uncursed ring of protection from cold {unknown}
 E - an uncursed ring of wizardry {unknown}
Wands
 d - a wand of slowing (18/48)
 y - a wand of acid (10/15)
 K - a wand of iceblast (8/15)
 L - a wand of iceblast (9/15)
 M - a wand of paralysis (10/24)
Scrolls
 f - a scroll of noise
 h - 3 scrolls of recharging
 s - 3 scrolls of remove curse
 x - a scroll of identify
 N - 3 scrolls of teleportation
Potions
 e - a potion of magic
 g - 5 potions of curing
 n - 2 potions of flight
 o - a potion of mutation
 q - a potion of lignification
 u - a potion of agility
 A - 3 potions of ambrosia
 B - 4 potions of brilliance
 C - 2 potions of might
 G - 3 potions of heal wounds
 I - a potion of haste
Books
 k - the Almanac of Shifting Calling
   (You found it on level 4 of the Dungeon)

   Spells                             Type                      Level
   a - Summon Butterflies             Summoning                    1
   b - Beastly Appendage              Transmutation                1
   c - Spider Form                    Transmutation/Poison         3
   d - Ice Form                       Ice/Transmutation            4
   e - Irradiate                      Conjuration/Transmutation    5
   f - Shadow Creatures               Summoning                    6
 H - a book of Callings

   Spells                             Type                      Level
   a - Summon Small Mammal            Summoning                    1
   b - Call Imp                       Summoning                    2
   c - Call Canine Familiar           Summoning                    3
   d - Summon Guardian Golem          Hexes/Summoning              3
   e - Summon Lightning Spire         Summoning/Air                4
   f - Summon Ice Beast               Ice/Summoning                4
Comestibles
 c - 4 bread rations
 j - a meat ration
 t - 2 fruits
 z - a royal jelly
 J - a slice of pizza


   Skills:
 - Level 4.0 Fighting
 - Level 5.2 Maces & Flails
 + Level 5.3 Dodging
 - Level 2.2 Stealth
 + Level 6.6 Spellcasting
 + Level 5.2 Summonings


You had 9 spell levels left.
You knew the following spells:

 Your Spells              Type           Power        Failure   Level  Hunger
a - Summon Butterflies    Summ           ###.....     1%          1    None
b - Call Imp              Summ           ###.....     2%          2    None
c - Call Canine Familiar  Summ           ###.....     6%          3    ##.....
d - Shadow Creatures      Summ           N/A          99%         6    #######


Dungeon Overview and Level Annotations

Branches:
Dungeon (7/15)             Temple (1/1) D:4

Altars:
Ashenzari
Dithmenos
Makhleb
Qazlal
Sif Muna
Trog
Vehumet
Yredelemnul
The Shining One

Annotations:
D:6 exclusion: downstairs


Innate Abilities, Weirdness & Mutations

You are too large for most types of armour.
You have tough skin. (AC +1)
Your flesh is cold resistant. (rC+)
You are covered in fur. (AC +1)


Message History

The puff of frost hits the killer bee.
You feel sick.
You hear a shout!
The killer bee closely misses your white imp. x2
Your white imp hits the killer bee but does no damage.
You feel sick.
You feel sick.
You feel sick.
You feel sick.
You hear an angry buzzing noise.
You feel sick.
Your crimson imp disappears in a puff of smoke!
You feel sick.
You feel sick.
Casting: Summon Butterflies
Confirm with . or Enter, or press ? or * to list all spells.
You feel sick. The killer bee barely misses you. The killer bee stings you!
* * * LOW HITPOINT WARNING * * *
The killer bee stings you.
You die...

#.##.........# #<#.#
#.##.......5.# #.#.#
..#.........5###### #.#.#
#######...............# #.#.#
#####.#....5....####.####.###.#.#
yyyy55..........##.....##.>##.#.#
#####.#.###+###.#bb.....#.###.#.#
§# #b#.....§...#......)#.....#.#
§# #.#......y§y@§.._...)).).....
§# #.#........y#b......#.#######
§####.#.........#b......#........
##..#.#.........##.....##..######
......#.#######.####.####..#
##..#.#.# #............#
§####.#.# #...######...# §# #.#.#
#.#.# #### §# #.#.# #####.#.#


You could see 3 killer bees.

Vanquished Creatures
  A sky beast (D:6)
  A phantom (D:4)
  2 centaurs
  2 big kobolds
  2 bullfrogs
  Dowan (D:5)
  A scorpion (D:3)
  2 killer bees
  A crimson imp (D:7)
  A bullfrog zombie (D:5)
  2 howler monkeys
  3 orc priests
  A bullfrog skeleton (D:6)
  A hound (D:7)
  Natasha (D:3)
  2 orc wizards
  2 worker ants
  A worker ant zombie (D:7)
  6 adders
  A river rat (Sewer)
  2 shadow imps
  4 leopard geckos
  6 orcs
  A ball python (Sewer)
  4 giant cockroaches
  8 goblins
  4 hobgoblins
  3 jackals (D:5)
  2 quokkas (D:4)
  5 bats
  11 frilled lizards
  15 kobolds
  19 rats
118 creatures vanquished.

Vanquished Creatures (collateral kills)
  Duvessa (D:5)
  An ogre (D:4)
  A bullfrog (D:5)
  A scorpion (D:4)
  3 killer bees (D:7)
  3 orc priests (D:5)
  Natasha (twice) (D:3)
  An iguana (D:4)
  An orc wizard (D:4)
  4 worker ants
  A worker ant zombie (D:5)
  Robin (D:3)
  4 gnolls (D:3)
  An adder (D:7)
  2 river rats (Sewer)
  A worm (D:5)
  A leopard gecko (D:6)
  7 orcs
  5 ball pythons
  3 giant cockroaches
  10 goblins
  4 hobgoblins
  2 quokkas
  4 bats
  A frilled lizard (D:1)
  9 kobolds
  12 rats
86 creatures vanquished.

Vanquished Creatures (others)
  An orc wizard (D:6)
1 creature vanquished.

Grand Total: 205 creatures vanquished

Notes
Turn   | Place    | Note
-------+----------+-------------------------------------------
     0 | D:1      | Kwzr the Ogre Summoner began the quest for the Orb.
     0 | D:1      | Reached XP level 1. HP: 16/16 MP: 3/3
   173 | D:1      | Reached XP level 2. HP: 13/24 MP: 0/5
   177 | D:1      | Learned a level 2 spell: Call Imp
   488 | D:1      | Reached skill level 1 in Maces & Flails
   567 | D:1      | Reached skill level 1 in Fighting
  1155 | D:2      | Reached XP level 3. HP: 33/33 MP: 3/6
  1333 | D:2      | Found a basalt altar of Yredelemnul.
  1338 | D:2      | Found a shadowy altar of Dithmenos.
  1338 | D:2      | Found a deep blue altar of Sif Muna.
  1339 | D:2      | Found a stormy altar of Qazlal.
  1343 | D:2      | Found a burning altar of Makhleb.
  1355 | D:2      | Became a worshipper of Qazlal Stormbringer
  1741 | D:3      | Found a glowing drain.
  1765 | Sewer    | Entered a sewer
  1876 | Sewer    | Reached XP level 4. HP: 32/42 MP: 4/8
  1955 | Sewer    | Reached * piety under Qazlal
  2034 | Sewer    | Noticed a big kobold
  2170 | Sewer    | Killed a big kobold
  2170 | Sewer    | Reached skill level 3 in Spellcasting
  2170 | Sewer    | Reached XP level 5. HP: 21/50 MP: 3/9
  2902 | D:3      | Learned a level 3 spell: Call Canine Familiar
  3151 | D:3      | Reached XP level 6. HP: 53/62 MP: 5/10
  3161 | D:3      | Found a shattered altar of Ashenzari.
  3218 | D:3      | Noticed Natasha
  3232 | D:3      | Killed Natasha
  3234 | D:3      | Noticed Natasha
  3261 | D:3      | Killed Natasha
  3261 | D:3      | Reached ** piety under Qazlal
  3559 | D:3      | Noticed Robin
  3583 | D:3      | Killed Robin
  3983 | D:3      | Noticed Natasha
  3991 | D:3      | Killed Natasha
  4464 | D:4      | Identified the Almanac of Shifting Calling
  4468 | D:4      | Learned a level 1 spell: Summon Butterflies
  4479 | D:4      | Noticed a phantom
  4505 | D:4      | Reached skill level 4 in Spellcasting
  4505 | D:4      | Reached XP level 7. HP: 60/70 MP: 0/13
  4680 | D:4      | Reached skill level 5 in Maces & Flails
  5067 | D:4      | Reached *** piety under Qazlal
  5183 | D:4      | Found a staircase to the Ecumenical Temple.
  5188 | Temple   | Entered the Ecumenical Temple
  5196 | Temple   | Gained mutation: Your flesh is cold resistant. (rC+) [potion of beneficial mutation]
  5197 | Temple   | Gained mutation: You are covered in fur. (AC +1) [potion of beneficial mutation]
  5212 | Temple   | Learned a level 6 spell: Shadow Creatures
  5460 | D:5      | Entered Level 5 of the Dungeon
  5794 | D:5      | Reached XP level 8. HP: 70/78 MP: 13/15
  5903 | D:5      | Noticed Duvessa
  5908 | D:5      | Noticed Dowan
  5916 | D:5      | Killed Dowan
  5916 | D:5      | Reached skill level 5 in Spellcasting
  5920 | D:5      | Killed Duvessa
  6190 | D:6      | Reached **** piety under Qazlal
  6535 | D:6      | Found a glowing golden altar of the Shining One.
  6572 | D:6      | Found a bloodstained altar of Trog.
  6904 | D:6      | Reached skill level 6 in Spellcasting
  7082 | D:7      | Found a radiant altar of Vehumet.
  7105 | D:7      | Reached skill level 5 in Summonings
  7178 | D:7      | Reached skill level 5 in Dodging
  7359 | D:7      | Found a stormy altar of Qazlal.
  7402 | D:7      | Reached XP level 9. HP: 80/84 MP: 18/18
  7435 | D:7      | HP: 3/84 [killer bee (7)]
  7435 | D:7      | Slain by a killer bee

Vault maps used:
D:1:      scummos_arrival_hexagon, solitary_fountain, minmay_close_crescents
D:2:      kennysheep_big_flooded_room, minitemple
D:3:      ashenzari_altar_1, gup_sewer_entry_pipe, grunt_ministairs_14,
          uniq_natasha, uniq_robin
D:4:      first_bread
D:5:      uniq_duvessa
D:6:      kennysheep_little_box, kennysheep_mini
D:7:      old_standard_altar, nicolae_qazlal_eye_of_the_storm
Temple:   minmay_temple_curvy_loop
Sewer:    sewer_minmay_treatment

Skill      XL: |  1  2  3  4  5  6  7  8 |
---------------+-------------------------+-----
Summonings     | 3 4 5 |  5.2
Dodging        | 2 3 5 |  5.3
Maces & Flails | 1 2 3 4 5 |  5.2
Fighting       | 1 2 3 4 |  4.0
Stealth        | 2 |  2.2
Spellcasting   | 3 4 6 |  6.6

Action                   |  1- 3 |  4- 6 |  7- 9 || total
-------------------------+-------+-------+-------++-------
Melee: Club              |   112 |   198 |    41 ||   351
       Unarmed           |    12 |       |       ||    12
       Mace              |       |       |    74 ||    74
       Flail             |       |       |   124 ||   124
 Fire: Blowgun           |       |    10 |    12 ||    22
 Cast: Summon Small Mamm |    14 |    13 |       ||    27
       Call Imp          |    20 |    41 |    54 ||   115
       Summon Butterflie |       |     3 |     5 ||     8
       Call Canine Famil |       |       |     3 ||     3
  Use: Scroll            |     5 |    14 |     5 ||    24
       Potion            |       |     3 |     4 ||     7
 Stab: Sleeping          |     5 |       |       ||     5
  Eat: Chunk             |     4 |    11 |     9 ||    24
       Fruit             |     1 |       |     1 ||     2
Armor: Robe              |    61 |    88 |   103 ||   252
Dodge: Dodged            |    64 |   121 |   141 ||   326
       Deflected         |       |       |     2 ||     2
Block: Other             |       |    17 |    47 ||    64
